[Event "Romanian Superleague 2022"]
[Site "Oradea"]
[Date "2022.09.22"]
[Round "2.6"]
[White "Danilov, Vladimir"]
[Black "Bulau, Andrei-Cristian"]
[Result "1/2-1/2"]
[ECO "D13"]
[WhiteElo "2378"]
[BlackElo "2183"]
[Annotator "TA"]
[PlyCount "78"]
[EventDate "2022.09.21"]
[EventType "team-tourn"]
[EventCountry "ROU"]
[SourceTitle "playchess.com"]
[Source "ChessBase"]
[SourceQuality "1"]
[TimeControl "40/5400+30:1800+30"]

1. d4 d5 2. c4 c6 3. Nc3 Nf6 4. cxd5 cxd5 5. Bf4 Nc6 6. e3 Bf5 7. Rc1 Rc8 8. Nf3 a6 9. Ne5 {[%emt 0:08:16] D13: Slav Defence: Exchange variation without ...Bf5.} e6 10. Qb3 Nxe5 $1 11. Bxe5 Qd7 12. Be2 Be7 13. O-O O-O 14. Na4 Rxc1 15. Rxc1 {[%emt 0:00:05] [#] Threatens to win with Rc7.} Rc8 {[%emt 0:01:27] Against Rc7} 16. Nc5 {[%emt 0:01:16] [#]} (16. Rxc8+ $1 $14 Qxc8 17. Nc5) 16... Ne4 $146 ({Predecessor:} 16... Bxc5 17. dxc5 Ne4 18. Bd4 f6 19. f3 Nd6 20. Qd1 Nb5 21. a4 Nxd4 22. exd4 e5 {½-½ (39) Akobian,V (2600)-Bacrot,E (2705) Calatrava 2007}) 17. g4 Nxc5 18. dxc5 Be4 19. Qb6 Rc6 20. Qa7 {[%emt 0:00:27] The position is equal.} f6 21. Bg3 d4 22. exd4 Qxd4 {[%emt 0:00:15] [#] White must now prevent ...Qd2.} 23. Rc4 Qd5 {[%emt 0:04:35] Strongly threatening ...Rc8.} 24. Qxb7 Bxc5 25. b3 a5 26. Qa8+ Kf7 27. Qb7+ Be7 28. Qxc6 Qxc6 29. Rxc6 Bxc6 {[%emt 0:00:03][%mdl 4096] Endgame KBB-KBB} 30. Bc7 Bb4 31. a3 Bc3 32. Bd6 Bb2 33. Bc7 Bc3 34. Bd6 Bb2 35. Bc7 a4 36. bxa4 Bxa4 37. Bd6 Ke8 38. Bc4 Kd7 39. Bf8 g6 {[%emt 0:00:20] Weighted Error Value: White=0.05 (flawless) /Black=0.03 (flawless)} 1/2-1/2

[Event "Romanian Superleague 2022"]
[Site "Oradea"]
[Date "2022.09.22"]
[Round "2.7"]
[White "Pranav Vijay"]
[Black "Kozak, Adam"]
[Result "1-0"]
[ECO "C18"]
[WhiteElo "2265"]
[BlackElo "2516"]
[Annotator "TA"]
[PlyCount "81"]
[EventDate "2022.09.21"]
[EventType "team-tourn"]
[EventCountry "ROU"]
[SourceTitle "playchess.com"]
[Source "ChessBase"]
[SourceQuality "1"]
[TimeControl "40/5400+30:1800+30"]

1. e4 {[%emt 0:00:05] Sadorra,Julio} e6 2. d4 d5 3. Nc3 Bb4 4. e5 c5 5. a3 Bxc3+ 6. bxc3 Qc7 7. h4 Ne7 8. h5 {[%emt 0:05:18] C18: French: 3 Nc3 Bb4: Main line: 7 h4 and 7 Qg4.} h6 9. Rh4 {[%emt 0:02:51] 9.Rb1 is setting a new trend.} Nbc6 10. Nf3 {[%emt 0:03:04] The position is equal.} Bd7 11. Rg4 Nf5 {[%emt 0:08:42] [#]} 12. Qd2 $146 ({Predecessor:} 12. Bd3 Nce7 13. dxc5 Qxc5 14. Rb4 a5 15. Rxb7 Bc6 16. Rb3 Ba4 17. Rbb1 Qxc3+ 18. Bd2 {½-½ (39) Hou,Y (2663)-Safarli,E (2664) Shamkir 2016 CBM 173 [Sadorra,Julio]}) 12... f6 13. exf6 gxf6 14. dxc5 O-O-O 15. Rb1 e5 $1 {[%emt 0:07:46][%cal Be6e5,Be5e4][%mdl 1056] Black has compensation.} 16. Rg6 (16. Qxd5 $2 Nfe7 17. Qc4 Na5 $19) 16... Rhe8 $1 {[%emt 0:07:47] Strongly threatening ...e4.} 17. Bb5 (17. Qxd5 $2 e4 18. Nd4 Nfxd4 19. cxd4 Be6 $19) ({White should play} 17. g3 $15) 17... d4 (17... e4 $1 $19 18. Nd4 e3 19. fxe3 Rxe3+ 20. Qxe3 Nxe3 21. Bxe3 (21. Bxc6 $2 Nxg2+ 22. Rxg2 Qe5+ 23. Kf2 Bxc6 $17) 21... Qe5) 18. Ng1 (18. Rxf6 $15 dxc3 19. Qxc3) 18... a6 $17 19. Be2 (19. Bxa6 $17 bxa6 20. Rxf6) 19... e4 $1 $19 20. Qf4 {[%emt 0:00:16] Against Qh2. aiming for Qxc7+.} (20. Rxf6 e3 21. Qd3 Qh2 $19) 20... Ne5 $2 (20... Qa5 $1 $19 {White must now prevent ...d3.} 21. Bg4 (21. Rxf6 $2 Qxc3+ 22. Bd2 Qxc5 $19) 21... Qxc3+ 22. Bd2 (22. Qd2 $2 Qxc5 23. Kf1 e3 $19) 22... Qxc2) 21. Rxf6 $15 {[%emt 0:03:11] Hoping for c6.} d3 22. Rxf5 $2 (22. Qxe4 $11 {and White has nothing to worry.} Ng4 23. Qxg4 dxc2 24. Rxb7 $1 Qxb7 25. c6 (25. Rxf5 $2 Qb1 $19)) 22... dxc2 $19 23. Rb4 $2 (23. Rb2 {nothing else works.} Bxf5 24. Qxf5+ Kb8 25. Rxc2 Nd3+ 26. Kf1) 23... Nd3+ $4 (23... Bxf5 $19 {avoids the disaster.} 24. Qxf5+ Kb8) 24. Bxd3 $18 exd3+ {[%emt 0:00:02] [#]} 25. Kd2 $1 Bxf5 26. Qxf5+ Kb8 {[%emt 0:00:02] [#]} 27. Qf4 Rf8 (27... Re5 $2 28. c6 Rb5 29. Qxc7+ Kxc7 30. Rxb5 axb5 31. cxb7) 28. Qxc7+ Kxc7 29. Nf3 Rg8 (29... Rf5 $142 30. Rd4 Rxh5 31. Kxd3 Re8 32. Bf4+ Kc8 33. Kxc2 Rxc5 34. Bxh6 Ra5) 30. Nd4 {[%emt 0:00:24] Threatens to win with Ne6+. White is clearly winning.} Rde8 {[%emt 0:00:29] Inhibits Ne6+.} 31. Kxd3 Rxg2 32. Nxc2 Rxf2 33. Bxh6 Rd8+ 34. Nd4 Rf5 35. Ke4 Rf6 {[%emt 0:00:01] Against Ne6+} 36. Bg7 Re8+ 37. Kd5 Rf1 38. h6 Rh1 39. Rb6 Re3 40. Be5+ Kc8 41. Nf5 {[%emt 0:02:15] Weighted Error Value: White=0.52/Black=0.53} 1-0

[Event "Romanian Superleague 2022"]
[Site "Oradea"]
[Date "2022.09.22"]
[Round "2.8"]
[White "Petkov, Momchil"]
[Black "Grigore, George-Gabriel"]
[Result "1/2-1/2"]
[ECO "D02"]
[WhiteElo "2511"]
[BlackElo "2455"]
[Annotator "TA"]
[PlyCount "118"]
[EventDate "2022.09.21"]
[EventType "team-tourn"]
[EventCountry "ROU"]
[SourceTitle "playchess.com"]
[Source "ChessBase"]
[SourceQuality "1"]
[TimeControl "40/5400+30:1800+30"]

1. d4 Nf6 2. Nf3 d5 3. Bf4 e6 4. e3 Be7 5. Nbd2 c5 6. c3 Nc6 7. Ne5 Nd7 {[%emt 0:13:04] D02: 1 d4 d5 2 Nf3 sidelines, including 2...Nf6 3 g3 and 2...Nf6 3 Bf4.} 8. Nxd7 Bxd7 9. Be2 O-O 10. O-O Qb6 11. Rb1 {[%emt 0:00:58] [#]} Rad8 $146 ({Predecessor:} 11... e5 12. dxe5 Bf5 13. e4 dxe4 14. Nc4 Qc7 15. Ne3 Rad8 16. Qa4 Bg6 17. Rbd1 Nxe5 {1-0 (37) Krstulovic,A (2413)-Song,R (2485) Veliko Gradiste 2022}) 12. Bd3 Rfe8 13. Qh5 g6 14. Qh6 Bf8 15. Qh4 e5 16. Bg5 Rc8 17. dxc5 $1 $40 {[%emt 0:08:17][%mdl 128] White mounts an attack.} Qxc5 18. e4 {[%emt 0:00:24] exd5 is the strong threat.} d4 19. b4 Qd6 20. Nc4 Qe6 (20... Qc7 $5 21. b5 Na5 $11) 21. b5 Nb8 22. cxd4 $1 {[%emt 0:00:41] White is more active.} ({Of course not} 22. b6 a6 23. cxd4 exd4 $17) 22... exd4 (22... Rxc4 $2 23. d5 Qxd5 24. exd5 $18) (22... h6 $1 $14 23. Bf6 (23. Bxh6 Rxc4 24. Bxc4 Qxc4 $14) 23... g5 24. Bxg5 hxg5 25. Qxg5+ Qg6 26. Qxg6+ fxg6) 23. Rfc1 $2 (23. f4 $1 $18 {[%cal Rf4f5] And now f5 would win.} Qg4 24. Qf2) 23... Rc5 {[%emt 0:06:28] aiming for ...h6.} 24. a4 Rec8 25. Bf4 (25. f4 $1 $16 ) 25... Be8 (25... a6 $5 26. Nb2 Rxc1+ 27. Rxc1 Rxc1+ 28. Bxc1 axb5 29. axb5 Qb3 $11) 26. Qh3 ({White should play} 26. Bd2 $11) 26... Qxh3 $15 27. gxh3 Nd7 28. Bd2 (28. Rc2 $15) 28... f6 $17 29. Be2 Bf7 30. Na5 (30. Nb2 $17 {was worth a try.}) 30... Rxc1+ $1 $19 ({Stronger than} 30... Rc2 31. Bg4 d3 32. Bxd7 $17) 31. Rxc1 Rxc1+ 32. Bxc1 Nc5 33. f3 Nb3 $2 (33... d3 $19 34. Bf1 b6) 34. Nxb3 $15 Bxb3 {[%emt 0:00:04][%mdl 4096] Endgame KBB-KBB} 35. a5 $1 Bb4 36. a6 bxa6 37. bxa6 Bc2 38. Bc4+ Kf8 (38... Kg7 $5 39. Kf2 $8 f5 $11) 39. Kf2 Ke7 40. Ke2 Kd6 41. Bf4+ Kc5 42. Bd3 Bxd3+ 43. Kxd3 $11 {[%emt 0:00:06] KB-KB} Kb5 44. Bc7 Kxa6 {[%emt 0:02:22] Black wants to play ...Bc3.} 45. Bd8 f5 46. Kxd4 ({Better is} 46. exf5 $15 gxf5 47. Kxd4) 46... fxe4 $1 $17 47. fxe4 Kb7 $1 48. h4 Kc8 49. Bf6 h5 {[%emt 0:01:52] Hoping for ...a5.} 50. Kc4 Bf8 (50... Be1 $17 {Threatens to win with ...Kd7.} 51. Kd5 Kd7) 51. Kb5 (51. Bd4 $11 {keeps the balance.}) 51... Kd7 ({Black should try} 51... Kb7 $1 $17) 52. Bd4 $11 Ke6 53. Ka6 $2 {[%emt 0:00:54] [#]} (53. Bxa7 $11 Ke5 54. Bc5) 53... Bd6 $1 $19 54. h3 {[%emt 0:00:11] [#]} (54. Kb5 {was forced.} Bxh2 55. Bxa7) 54... Bg3 $2 (54... Be7 $1 $19 55. Kxa7 Bf6) 55. Kxa7 $11 {[%emt 0:00:06] The position is equal.} Bxh4 {[%emt 0:00:05] White must now prevent ...Bf6.} 56. Kb6 g5 57. Kc5 g4 58. hxg4 hxg4 59. Kc4 Bf6 {[%emt 0:01:45] Weighted Error Value: White=0.28 (precise) /Black=0.31} 1/2-1/2

[Event "Romanian Superleague 2022"]
[Site "Oradea"]
[Date "2022.09.22"]
[Round "2.9"]
[White "Istratescu, Andrei"]
[Black "Bonte, Andrei-Mihai"]
[Result "1/2-1/2"]
[ECO "C18"]
[WhiteElo "2408"]
[BlackElo "2339"]
[Annotator "TA"]
[PlyCount "45"]
[EventDate "2022.09.21"]
[EventType "team-tourn"]
[EventCountry "ROU"]
[SourceTitle "playchess.com"]
[Source "ChessBase"]
[SourceQuality "1"]
[TimeControl "40/5400+30:1800+30"]

1. e4 e6 2. d4 d5 3. Nc3 Bb4 4. e5 c5 5. a3 Bxc3+ 6. bxc3 Ne7 7. Qg4 Qc7 8. Qxg7 Rg8 9. Qxh7 cxd4 10. Ne2 dxc3 11. f4 Nbc6 12. Qd3 d4 13. Nxd4 Nxd4 14. Qxd4 Bd7 15. Rb1 Nf5 16. Qf2 {[%emt 0:02:10] C18: French: 3 Nc3 Bb4: Main line: 7 h4 and 7 Qg4.} Bc6 17. Rg1 O-O-O 18. Qxa7 {[%emt 0:00:30] White is slightly better.} Nd4 (18... Qe7 $14) 19. Bd3 $18 {[%emt 0:00:30] Black must now prevent Be3.} Bxg2 {[%emt 0:00:30] [#] ...Nf3+ is the strong threat.} 20. Be3 $146 (20. Kf2 $1 $16 Nc6 21. Qa8+ Kd7 22. Qxb7) ({Predecessor:} 20. Qa8+ Kd7 21. Qa4+ Kc8 22. Qa8+ Kd7 23. Qa4+ {½-½ (23) Riff,J (2507)-Cornette,M (2573) Le Port Marly 2009}) 20... Nf3+ $11 {[%emt 0:00:30] The position is equal.} 21. Kf2 Nxg1 22. Rxg1 {[%emt 0:01:00] Dancing on a razor blade.} Qc6 23. Qc5 {[%emt 0:00:30] Weighted Error Value: White=0.26 (precise) /Black=0.23 (precise)} (23. Be2 $11) 1/2-1/2

[Event "Romanian Superleague 2022"]
[Site "Oradea"]
[Date "2022.09.22"]
[Round "2.10"]
[White "Ognean, Mihnea-Ionut"]
[Black "Vedmediuc, Serghei"]
[Result "1/2-1/2"]
[ECO "B47"]
[WhiteElo "2303"]
[BlackElo "2430"]
[Annotator "TA"]
[PlyCount "120"]
[EventDate "2022.09.21"]
[EventType "team-tourn"]
[EventCountry "ROU"]
[SourceTitle "playchess.com"]
[Source "ChessBase"]
[SourceQuality "1"]
[TimeControl "40/5400+30:1800+30"]

1. e4 c5 2. Nf3 e6 3. d4 cxd4 4. Nxd4 Nc6 5. Nc3 Qc7 6. Qd3 {[%emt 0:00:11] B47: Sicilian: Taimanov: 5 Nc3 Qc7 6 f4, 6 g3 and 6 Be2.} Nf6 7. Ndb5 Qb8 8. Qg3 {[%emt 0:00:14] [#] Strongly threatening Nc7+.} d6 $1 9. Be3 $1 {[%emt 0:00:12] And now 0-0-0 would win.} a6 10. Nd4 Be7 11. f4 O-O 12. Bd3 Nh5 13. Qf2 Nxd4 14. Bxd4 Nxf4 15. Qxf4 {[%emt 0:00:12] [#] Threatens to win with e5.} e5 16. Qf2 {[%emt 0:06:03] Hoping for Nd5.} exd4 17. Nd5 Bg5 {[%emt 0:00:10] [#]} 18. h4 $146 ({Predecessor:} 18. O-O Be6 19. Qxd4 Qa7 20. Qxa7 Rxa7 21. a4 Bxd5 22. exd5 a5 23. Rae1 g6 24. Re4 {½-½ (95) Tari,A (2593)-Korobov,A (2711) Khanty-Mansiysk 2017}) 18... Be3 19. Nxe3 dxe3 20. Qxe3 Bg4 {[%emt 0:01:16] The position is equal.} 21. O-O Qd8 22. g3 Rc8 23. Rf4 Be6 24. e5 dxe5 25. Qxe5 Qb6+ 26. Qd4 Qc7 27. Kh2 Rfd8 28. Qe4 g6 29. Qe3 {[%emt 0:00:09] Against Qb6} Rd5 30. Re1 Rcd8 31. a3 a5 32. Re2 Rh5 33. Rd4 Rxd4 34. Qxd4 Rd5 35. Qf6 Qd6 36. Rf2 b6 37. Bc4 Rd2 38. Bd3 Rd1 39. Rf1 $1 {[%emt 0:00:10] Chess con chili.} Rd2+ 40. Rf2 Rd1 41. Rf1 Rxf1 42. Qxf1 $11 {[%emt 0:00:05][%mdl 4096] Endgame KQB-KQB} Qe5 43. c3 Qe3 44. Qe2 (44. Ba6 {seems wilder.} h6 45. Qf4 Qe1 46. Qd4) 44... Qxe2+ 45. Bxe2 {[%emt 0:00:03] KB-KB} Kg7 46. Kg2 Kf6 47. Kf3 Ke5 48. b4 f5 49. bxa5 bxa5 50. Ke3 h6 51. Bf3 Bc4 52. Bd1 g5 53. hxg5 hxg5 54. Bf3 f4+ 55. gxf4+ gxf4+ 56. Kd2 $1 Bd5 57. Bd1 Be4 58. Be2 f3 59. Bxf3 Bxf3 60. Kc1 Kd5 {[%emt 0:02:21] An interesting draw.  Weighted Error Value: White=0.03 (flawless) /Black=0.03 (flawless)} 1/2-1/2

[Event "Romanian Superleague 2022"]
[Site "Oradea"]
[Date "2022.09.22"]
[Round "2.11"]
[White "Manea, Alexandru"]
[Black "Ileana, George"]
[Result "0-1"]
[ECO "B55"]
[WhiteElo "2326"]
[BlackElo "2301"]
[Annotator "TA"]
[PlyCount "132"]
[EventDate "2022.09.21"]
[EventType "team-tourn"]
[EventCountry "ROU"]
[SourceTitle "playchess.com"]
[Source "ChessBase"]
[SourceQuality "1"]
[TimeControl "40/5400+30:1800+30"]

1. e4 c5 2. Nf3 d6 3. d4 cxd4 4. Nxd4 Nf6 5. f3 e5 6. Nb3 Be6 7. c4 Be7 (7... Nxe4 8. fxe4 Qh4+ 9. Kd2 $16) 8. Nc3 {[%emt 0:00:28] B55: Sicilian: 2...d6 3 d4 cxd4 4 Nxd4 Nf6 5 f3.} O-O 9. Be3 Na6 {[%emt 0:00:10] [#]} 10. Be2 $146 {[%emt 0:02:16] White is slightly better.} ({Predecessor:} 10. Qd2 Nc5 11. Be2 a6 12. Nc1 a5 13. O-O Nfd7 14. b3 f5 15. exf5 Rxf5 16. Nb5 {1-0 (35) Horvath,T (2360)-Skuhala,L (2114) Slovenia 2017}) 10... Rc8 11. Nd5 Nd7 12. O-O (12. Bxa7 $2 b6 13. c5 Naxc5 $19) (12. Qd2 $5 ) 12... Bg5 13. Qd2 (13. Bxa7 b6 14. c5 Naxc5 $17) 13... Bxe3+ 14. Nxe3 Ndc5 15. Rfd1 Nxb3 16. axb3 Qb6 17. Ra3 Nb4 18. Kh1 a5 19. Nc2 Nc6 20. Qe3 ({Avoid the trap} 20. Qxd6 $2 Rfd8 21. c5 Qa7 22. Qxd8+ Rxd8 $19) 20... Qxe3 21. Nxe3 Rcd8 22. Rd2 g6 23. Kg1 Kg7 24. Bd1 f5 25. Bc2 (25. exf5 $11 gxf5 26. f4) 25... f4 $15 26. Nd5 Kf7 27. Ra1 g5 28. Kf2 Rg8 29. Bd1 h5 30. Nc7 b6 31. Nb5 {[%emt 0:00:20] Inhibits Nd4.} ({Better is} 31. b4 $1 $11) 31... Ke7 32. Be2 Rg6 33. Rad1 Bc8 34. Nc7 Be6 35. Nb5 {[%emt 0:00:07] Inhibits Nd4.} ({Reject} 35. Nxe6 Kxe6 36. h3 Nd4 37. Rxd4 exd4 38. Rxd4 Rc8 $17) 35... Bf7 36. g3 Nb4 (36... h4 $15) 37. Rg1 (37. gxf4 $1 $11 gxf4 38. Bf1) 37... fxg3+ 38. hxg3 Na6 39. Nc3 Nc5 40. Bd1 Rh8 41. Ke3 Kd8 42. Rh1 Kc7 43. Bc2 Rgh6 44. Nb5+ Kc6 45. Na7+ Kd7 46. Nb5 h4 47. Rhd1 Nb7 48. Nc3 (48. Rg1 $11) 48... h3 (48... hxg3 $17 {...Rh2 is the strong threat.} 49. Rg1 Rh3) 49. Rh2 $11 Nc5 50. Nd5 Bxd5 51. exd5 Kc7 52. Rdh1 b5 53. cxb5 Kb6 {[%emt 0:00:07] Black is more active.} 54. b4 axb4 55. b3 (55. Bd1 $17) 55... Kxb5 $19 56. Bf5 (56. Rc1 $142) 56... Ra8 ({Inferior is} 56... Nxb3 57. Bd3+ Kb6 58. Rb2 $17) 57. Bxh3 {[%emt 0:00:05] [#] And now Bf1+ would win.} Kb6 {[%emt 0:00:41] aiming for ...Rah8.} 58. Bf1 Rxh2 59. Rxh2 Nxb3 {[%emt 0:00:11][%mdl 4096] Endgame KRB-KRN} 60. Ke4 (60. f4 $142 exf4+ 61. gxf4 gxf4+ 62. Kf3) 60... Nc5+ {[%emt 0:00:46] Black is clearly winning.} 61. Kf5 b3 {[%emt 0:00:18][%cal Bb4b3,Bb3b2][%mdl 32] [#] Threatens to win with ...Ra2.} 62. Bc4 Rf8+ 63. Kxg5 (63. Kg4 $142 Ka5 64. Bxb3 Nxb3 65. Rh6) 63... Rxf3 64. g4 Ne4+ 65. Kh6 Kc5 66. Be2 b2 {[%emt 0:00:55] Weighted Error Value: White=0.24 (precise) /Black=0.09 (flawless)} 0-1

[Event "Romanian Superleague 2022"]
[Site "Oradea"]
[Date "2022.09.22"]
[Round "2.12"]
[White "Pisu, Robert-Daniel"]
[Black "Vilcu, Matei-Stefan"]
[Result "1/2-1/2"]
[ECO "D13"]
[WhiteElo "2223"]
[BlackElo "2221"]
[Annotator "TA"]
[PlyCount "47"]
[EventDate "2022.09.21"]
[EventType "team-tourn"]
[EventCountry "ROU"]
[SourceTitle "playchess.com"]
[Source "ChessBase"]
[SourceQuality "1"]
[TimeControl "40/5400+30:1800+30"]

1. d4 d5 2. c4 c6 3. cxd5 cxd5 4. Bf4 Nf6 5. Nc3 Nc6 6. e3 a6 7. Bd3 Bg4 8. Nf3 e6 9. h3 Bxf3 10. Qxf3 Be7 11. Rc1 Rc8 12. O-O O-O 13. Bg5 {[%emt 0:12:35] D13: Slav Defence: Exchange variation without ...Bf5.} h6 14. Bh4 Nd7 15. Bxe7 {[%emt 0:02:08] The position is equal.} Qxe7 {[%emt 0:00:34] [#]} 16. Rfd1 $146 ({Predecessor:} 16. a3 Nb6 17. Rc2 Na5 18. Rd1 Rfd8 19. Qg4 Rc7 20. Re1 Rdc8 21. e4 {½-½ (43) Hardyn,T (1500)-Koslowski,V (2323) LSS email 2014}) 16... f5 17. Ne2 Qd6 18. Qf4 Qxf4 19. Nxf4 Kf7 20. Be2 (20. g4 $5 ) 20... Ne7 21. Nd3 Rxc1 22. Rxc1 {[%emt 0:00:02] [#] Threatens to win with Rc7.} Rc8 {[%emt 0:00:23] Inhibits Rc7.} 23. Rxc8 Nxc8 24. Kf1 {[%emt 0:04:50] A balanced but interesting game.  Weighted Error Value: White=0.10 (very precise) /Black=0.02 (flawless)} 1/2-1/2

[Event "Romanian Superleague 2022"]
[Site "Oradea"]
[Date "2022.09.22"]
[Round "2.13"]
[White "Nguyen, Thai Dai Van"]
[Black "Sumets, Andrey"]
[Result "1-0"]
[ECO "C11"]
[WhiteElo "2627"]
[BlackElo "2513"]
[Annotator "TA"]
[PlyCount "65"]
[EventDate "2022.09.21"]
[EventType "team-tourn"]
[EventCountry "ROU"]
[SourceTitle "playchess.com"]
[Source "ChessBase"]
[SourceQuality "1"]
[TimeControl "40/5400+30:1800+30"]

1. e4 e6 2. d4 d5 3. Nc3 Nf6 4. e5 Nfd7 5. f4 c5 6. Nf3 Nc6 7. Be3 a6 8. a3 cxd4 9. Nxd4 Bc5 10. Qd2 O-O 11. O-O-O Nxd4 {[%emt 0:00:59] C11: French: Classical System: 4 e5 and 4 Bg5 dxe4.} 12. Bxd4 b5 13. Bxc5 Nxc5 {[%emt 0:00:51] The position is equal.} 14. h4 Qc7 {[%emt 0:07:23] [#]} 15. h5 $146 ({Predecessor:} 15. Rh3 Bd7 16. h5 Rfc8 17. h6 g6 18. Qf2 Kf8 19. f5 gxf5 20. Re3 Ne4 21. Rxe4 fxe4 {½-½ (28) Inarkiev,E (2693)-Lupulescu,C (2643) Douglas 2019}) 15... Bb7 16. h6 {[%emt 0:09:09] Threatens to win with hxg7.} g6 17. Kb1 Rac8 18. Rh3 f5 19. exf6 Rxf6 20. g3 Ne4 21. Nxe4 dxe4 22. Rh2 $1 Bd5 23. Qd4 Rf7 24. Rhd2 {[%emt 0:06:16] White is more active.} Qb8 (24... Qc5 $14) 25. Bh3 Rc4 $2 (25... Qc7 $16) 26. Qe3 (26. Qg1 $18 {[%cal Oh3e6] And now Bxe6! would win.} Qb7 27. Rxd5 $1 exd5 28. Be6) 26... Qa7 $16 27. Qe2 Rfc7 $2 (27... Rf8 $16) 28. c3 $2 (28. f5 $18 e3 {[#]} 29. Bg2 $1 (29. fxg6 hxg6 30. Rd3 Kh7 $11)) 28... Qb6 (28... Re7 $16) 29. f5 $2 (29. Rxd5 {White threatens Rd8+ and mate.} exd5 30. Rxd5) 29... gxf5 $2 {[%emt 0:01:54] [#]} (29... e3 30. Bg2 gxf5) 30. Bxf5 $1 $18 e3 (30... exf5 31. Rxd5) 31. Bxe6+ Bxe6 $2 (31... Qxe6 $18 32. Rxd5 Re7 33. Rg5+ Kh8 34. Rd8+ Re8 35. Rxe8+ Qxe8) 32. Rd8+ Kf7 33. Qh5+ {[%emt 0:00:22] Weighted Error Value: White=0.89/Black=0.96} 1-0

[Event "Romanian Superleague 2022"]
[Site "Oradea"]
[Date "2022.09.22"]
[Round "2.14"]
[White "Cioara, Andrei-Nestor"]
[Black "Nisipeanu, Liviu-Dieter"]
[Result "0-1"]
[ECO "E68"]
[WhiteElo "2407"]
[BlackElo "2633"]
[Annotator "TA"]
[PlyCount "64"]
[EventDate "2022.09.21"]
[EventType "team-tourn"]
[EventCountry "ROU"]
[SourceTitle "playchess.com"]
[Source "ChessBase"]
[SourceQuality "1"]
[TimeControl "40/5400+30:1800+30"]

1. d4 Nf6 2. c4 g6 3. g3 Bg7 4. Bg2 O-O 5. Nc3 d6 6. Nf3 Nbd7 7. O-O e5 8. e4 exd4 9. Nxd4 Re8 10. h3 Nc5 11. Re1 a5 12. Ndb5 Bd7 13. Bf4 {[%emt 0:00:35][%cal Ob5c7] E68: King's Indian: Fianchetto: 6...Nbd7 7 0-0 e5 8 e4.} Bxb5 $1 {[%emt 0:00:32] The main line 13...Bxb5 scores better than 13...Bc6.} 14. cxb5 Nfd7 15. Qc2 {[%emt 0:00:31] White is slightly better.} h5 16. Be3 {[%emt 0:00:15] [#]} c6 $146 ({Predecessor:} 16... Bxc3 17. bxc3 Re6 18. h4 Qe7 19. Bd2 Re8 20. f3 Ne5 21. c4 f6 22. Bxa5 g5 {½-½ (43) Dimitrov,M (2429)-Pierzak,R (2521) ICCF email 2019}) 17. Rad1 {[%emt 0:01:31] [#] Black must now prevent bxc6.} Qe7 18. e5 d5 19. f4 h4 $1 20. gxh4 Qxh4 21. bxc6 bxc6 22. Ne2 Bf8 23. Nd4 Rac8 24. Nf3 ({White should try} 24. Rf1 $14) 24... Qg3 25. Ng5 Ne6 (25... Be7 $15) 26. Nxe6 $11 Rxe6 27. Bf2 $2 {[%emt 0:03:24] [#]} (27. Qc1 $11 g5 28. fxg5 Nxe5 29. Bf2 Nf3+ 30. Kf1 Nh2+ 31. Kg1 Nf3+ 32. Kf1 Rxe1+ 33. Rxe1 Nh2+ 34. Kg1 Nf3+ 35. Kf1 Nh2+ 36. Kg1 Nf3+ 37. Kf1) 27... Qxf4 $17 28. Bxd5 $2 {[%emt 0:00:46] This costs White the game.} (28. Rxd5 $17 {keeps fighting.} Nxe5 29. Rxa5) 28... cxd5 $19 29. Qxc8 Nxe5 {[%emt 0:00:10] The board is on fire.} 30. Rxe5 Rxe5 (30... Qxe5 $2 {loses.} 31. Qd8 $19) 31. Rd4 $2 (31. Qc1 Rg5+ 32. Kf1) 31... Rg5+ 32. Kf1 Qf3 {[%emt 0:00:06] Weighted Error Value: White=0.53/Black=0.09 (flawless)} 0-1